cohdb
Replays
Latest Replays
All Replays
Popular Replays
Top Player Replays
Match Explorer
How It Works
Community
CoH3 Stats
Reddit
Sign in to upload your games and track your stats! →
Sign in with Steam
Match 33617186
Unlisted
Match 33617186
Overview
Messages
Build Orders
End
Pioneer Squad
Construct Infanterie Kompanie
Selects Italian Coastal Battlegroup
Selects Coastal Reserves
Coastal Reserve
Coastal Reserve
Coastal Reserve
Selects Artillery Officer
Coastal Reserve
Construct Panzergrenadier Kompanie
Pak 40 Anti-tank Gun Team
Medical Bunker
Panzergrenadier Squad
Panzergrenadier Officer Quarters
Artillery Officer
Construct Panzer Kompanie
Selects Obice da 210/22 Artillery Emplacement
Panzer IV Medium Tank
Selects Support Bunkers
Selects Designated Artillery Overwatch
Medical Bunker
Panzer Officer Quarters
Selects Bulwark
MG 42 Bunker
MG 42 Bunker
ohmygod321
Mow Man
aSIISpanky
Anilasabyss
0
0
Comments
sign in to comment!
No comments posted yet!